 Dungeon Crawl Stone Soup version 0.30.0-29-ga12c61a403 (webtiles) character file.

Game seed: 6528543947711796842

600 Peloso the Slasher (level 7, -3/61 HPs)
             Began as a Minotaur Fighter on June 24, 2023.
             Slain by a troll (10 damage)
             ... on level 5 of the Dungeon.
             The game lasted 00:07:28 (3822 turns).

Peloso the Slasher (Minotaur Fighter)               Turns: 3822, Time: 00:07:29

Health: -3/61      AC: 15    Str: 20    XL:     7   Next: 18%
Magic:  6/6        EV:  8    Int:  5    God:
Gold:   298        SH:  5    Dex: 12    Spells: 6/6 levels left

rFire   . . .        a - +0 long sword
rCold   . . .        d - +0 buckler
rNeg    . . .        h - +0 chain mail
rPois   .            (helmet restricted)
rElec   .            (no cloak)
rCorr   .            (no gloves)
SInv    .            c - +0 pair of boots
Will    .....        (no amulet) Stlth
                     o - +4 ring of protection
HPRegen 0.30/turn    (no ring)
MPRegen 0.10/turn

%: no passive effects
@: no status effects
A: horns 2, retaliatory headbutt
a: no special abilities


You were on level 5 of the Dungeon.
You visited 1 branch of the dungeon, and saw 5 of its levels.

You collected 298 gold pieces.

Inventory:

Hand Weapons
 a - a +0 long sword (weapon)
Armour
 b - a +0 scale mail
 c - a +0 pair of boots (worn)
 d - a +0 buckler (worn)
 h - a +0 chain mail (worn)
Jewellery
 o - a +4 ring of protection (left hand)
Wands
 t - a wand of charming (6)
Scrolls
 e - a scroll of magic mapping {unknown}
 f - 3 scrolls of silence
 j - a scroll of fog {unknown}
 l - a scroll of noise {unknown}
 m - 2 scrolls of teleportation {unknown}
 p - 2 scrolls of poison {unknown}
 q - a scroll of enchant weapon {unknown}
 r - 3 scrolls of torment {unknown}
 u - a scroll of immolation {unknown}
 v - a scroll of amnesia {unknown}
Potions
 g - 2 potions of might
 i - 5 potions of curing
 k - 2 potions of haste
 n - a potion of heal wounds
 s - 2 potions of resistance
 w - a potion of ambrosia
 x - 2 potions of invisibility


   Skills:
 + Level 5.0 Fighting
 + Level 6.7 Long Blades
 + Level 5.6 Armour
 + Level 1.6 Dodging
 + Level 4.7 Shields


You had 6 spell levels left.
You didn't know any spells.
Your spell library contained the following spells:

 Spells                   Type           Power      Damage    Failure   Level
 Kiss of Death            Conj/Necr      0%         2d5       99%         1
 Confusing Touch          Hex            0%         N/A       100%        3
 Inner Flame              Hex/Fire       0%         N/A       100%        3
 Portal Projectile        Hex/Tloc       0%         N/A       100%        3
 Tukima's Dance           Hex            0%         N/A       100%        3
 Dispel Undead            Necr           0%         3d6       100%        4
 Blade Hands              Tmut           0%         N/A       100%        5
 Yara's Violent Unravell  Hex/Tmut       0%         3d3       100%        5
 Enfeeble                 Hex            0%         N/A       100%        7


Dungeon Overview and Level Annotations

Branches:
Dungeon (5/15)             Temple (0/1) D:5

Altars:
Elyvilon
Kikubaaqudgha
Qazlal
Xom

Annotations:
D:2 1 runed translucent door, Crazy Yiuf


Innate Abilities, Weirdness & Mutations

You have a pair of horns on your head.
You reflexively headbutt those who attack you in melee.


Message History

The troll is heavily wounded.
The troll barely misses you. x2; The troll closely misses you.
You hit the troll but do no damage. You headbutt the troll.
The troll is severely wounded.
The troll barely misses you. The troll claws you but does no damage.
The troll claws you.
* * * LOW HITPOINT WARNING * * *
Unknown command.
You feel much better. You block the troll's attack.
The troll barely misses you. The troll claws you but does no damage.
You hit the troll but do no damage. Your headbutt misses the troll.
The troll is heavily wounded.
The troll bites you!
* * * LOW HITPOINT WARNING * * *
The troll claws you but does no damage. The troll barely misses you.
Unknown command.
You barely miss the troll. You headbutt the troll!
The troll is severely wounded.
The troll bites you but does no damage. The troll misses you.
The troll closely misses you.
Unknown command.
You hit the troll.
You headbutt the troll, but do no damage.
The troll is severely wounded.
The troll closely misses you. The troll barely misses you.
The troll claws you but does no damage.
Unknown command.
You hit the troll but do no damage. Your headbutt misses the troll.
The troll is severely wounded.
The troll bites you but does no damage. The troll claws you.
* * * LOW HITPOINT WARNING * * *
You block the troll's attack. x2; The troll barely misses you.
The troll claws you.
* * * LOW HITPOINT WARNING * * *
You hit the troll.
The troll is severely wounded.
You block the troll's attack. The troll claws you.
* * * LOW HITPOINT WARNING * * *
The troll claws you!
You die...

##..###........##
##...!.....#.####
##..#...#...#.#####
##.................#####.
........≈≈≈≈≈............
......≈~≈≈≈≈≈≈≈....#####
....≈≈≈~≈≈≈≈≈≈≈≈≈..#
...≈≈≈≈≈T...≈≈≈≈≈≈.#
...≈≈≈≈≈≈@>.≈≈≈≈≈≈.#
#..≈≈≈≈≈≈...≈≈≈≈≈≈.#
...≈≈≈≈≈≈≈≈≈≈≈≈≈≈≈...#
.#..≈≈≈≈≈≈≈≈≈≈≈≈≈..#..#
#....≈≈≈≈≈≈≈≈≈....##...
#......≈≈≈≈≈......# ##.#
#.................# #
.....##########.## #.


You could see a troll.

Vanquished Creatures
  An ice beast (D:4)
  2 scorpions (D:5)
  2 hounds (D:4)
  An iguana (D:4)
  3 orc wizards (D:4)
  10 gnolls
  4 adders
  2 ufetubi (D:4)
  A worm (D:3)
  2 dart slugs
  6 orcs (D:4)
  10 ball pythons
  6 endoplasms
  3 giant cockroaches
  10 goblins
  8 hobgoblins
  3 jackals (D:1)
  5 quokkas
  8 bats
  A frilled lizard (D:3)
  6 kobolds
  7 rats
101 creatures vanquished.

Notes
Turn   | Place    | Note
-------+----------+-------------------------------------------
     0 | D:1      | Peloso the Minotaur Fighter began the quest for the Orb.
     0 | D:1      | Reached XP level 1. HP: 19/19 MP: 0/0
    89 | D:1      | Reached XP level 2. HP: 26/27 MP: 1/1
   650 | D:1      | Reached skill level 3 in Long Blades
   676 | D:1      | Reached XP level 3. HP: 33/33 MP: 2/2
   895 | D:2      | Found a runed translucent door.
   896 | D:2      | Noticed Crazy Yiuf
  1285 | D:2      | Found a faded altar of an unknown god.
  1867 | D:3      | Reached XP level 4. HP: 38/40 MP: 3/3
  1982 | D:3      | Reached skill level 4 in Long Blades
  2058 | D:3      | Found a white marble altar of Elyvilon.
  2563 | D:4      | Reached XP level 5. HP: 47/47 MP: 4/4
  2613 | D:4      | Reached skill level 5 in Long Blades
  2928 | D:4      | Found an ancient bone altar of Kikubaaqudgha.
  3006 | D:4      | Reached XP level 6. HP: 52/53 MP: 5/5
  3022 | D:4      | Reached skill level 1 in Dodging
  3062 | D:4      | Reached skill level 5 in Armour
  3095 | D:4      | Found a stormy altar of Qazlal.
  3095 | D:4      | Found a shimmering altar of Xom.
  3540 | D:5      | Entered Level 5 of the Dungeon
  3548 | D:5      | Reached skill level 6 in Long Blades
  3551 | D:5      | Noticed an ice beast
  3623 | D:4      | Killed an ice beast
  3671 | D:4      | Reached XP level 7. HP: 51/60 MP: 6/6
  3768 | D:5      | Found a staircase to the Ecumenical Temple.
  3787 | D:5      | Reached skill level 5 in Fighting
  3803 | D:5      | Noticed a troll
  3822 | D:5      | Slain by a troll

Illustrated notes

Levels and vault maps discovered:
D:1:      minmay_arrival_up_and_down, layout_loops_cross
D:2:      layout_loops_corners, hellmonk_ecumenical_altar_zigzags,
          minmay_tetromino_i2, uniq_crazy_yiuf_cottage
D:3:      layout_rooms, mainiacjoe_overflow_alcove_1, roderic_lattice_a
D:4:      layout_cave_pools, kiku_gazebo_garden_becter,
          mainiacjoe_overflow_divided_tiny,
          nicolae_concentric_dashed_squares_mild, minmay_misc_feat_room
D:5:      layout_rooms, temple_pool_b, uniq_prince_ribbit1

Skill      XL: |  1  2  3  4  5  6  7 |
---------------+----------------------+-----
Fighting       | 4 5 |  5.0
Shields        | 4 |  4.7
Long Blades    | 3 4 5 6 |  6.7
Armour         | 4 5 |  5.6
Dodging        | 1 |  1.6

Action                     |  1- 3 |  4- 6 |  7- 9 || total
---------------------------+-------+-------+-------++-------
  Melee: Long sword        |   106 |   165 |    21 ||   292
         Headbutt          |     8 |    16 |     5 ||    29
    Use: Potion            |     2 |       |     1 ||     3
         Scroll            |       |     5 |       ||     5
 Armour: Scale mail        |    18 |       |       ||    18
         Chain mail        |    72 |   143 |    17 ||   232
  Dodge: Dodged            |    62 |    84 |    20 ||   166
  Block: Buckler           |    36 |    51 |    12 ||    99
